AoeStats
← Erickinio

Arena

509210074Analyzed
3v3 RM · 6d ago on Sep 25, 2026· 46m 0s· 6 players
Game mode
Random Map
Map size
Normal (6 player)
Population
200
Speed
Normal
Resources
Standard
Victory
Conquest
Starting age
Dark Age
Ending age
Imperial Age
RankedLock teamsTeams togetherTeam positionsShared explorationLock speedFull tech treeHidden civsTurbo modeCheats
Victory
Defeat
🇺🇸 Maya · United States
932
+13
🇦🇷 Celts · Argentina
921
+14
🇱🇻 Magyars · Latvia
876
+15
🇺🇸 Wei · United States
898
-15
🇨🇴 Slavs · Colombia
863
-14
🇺🇸 Inca · United States
837
-13
bergiebird
10:34 Feudal Age
12:13 Wheelbarrow
11:26 Double-Bit Axe
11:24 Horse Collar
15:11 Loom
20:23 Castle Age
18:40 Stone Mining
18:43 Gold Mining
21:35 Hand Cart
21:32 Bow Saw
21:25 Heavy Plow
22:04 Stone Shaft Mining
23:05 Forging
23:01 Scale Barding Armor
25:10 Iron Casting
24:57 Chain Barding Armor
25:26 Tuntian
26:07 Husbandry
28:19 Bloodlines
29:33 Fletching
29:45 Padded Archer Armor
30:38 Thumb Ring
34:35 Imperial Age
32:28 Ballistics
33:07 Fortified Wall
33:23 Bodkin Arrow
34:30 Leather Archer Armor
35:56 Conscription
36:04 Bracer
36:45 Parthian Tactics
37:53 Blast Furnace
39:11 Ring Archer Armor
41:24 Ming Guang Armor
42:25 Crop Rotation
43:36 Chemistry
42:25 Elite Tiger Cavalry
PFTBaller
0:26 Loom
10:16 Feudal Age
18:49 Castle Age
18:07 Champi Runner
20:34 Arson
20:50 Squires
20:11 Champi Warrior
22:16 Double-Bit Axe
23:54 Scale Mail Armor
23:49 Fletching
26:05 Treadmill Crane
26:08 Horse Collar
27:29 Bow Saw
27:28 Heavy Plow
30:13 Thumb Ring
30:22 Forging
34:37 Ballistics
35:01 Fortified Wall
37:50 Imperial Age
36:01 Wheelbarrow
35:14 Town Watch
38:23 Capped Ram
39:34 Bodkin Arrow
42:06 Caravan
42:42 Pikeman
44:30 Conscription
Lord_Daml
3:33 Loom
10:59 Feudal Age
18:11 Castle Age
16:25 Double-Bit Axe
18:43 Stone Mining
31:32 Gold Mining
36:54 Imperial Age
35:19 Fletching
35:40 Forging
35:32 Scale Mail Armor
36:33 Ballistics
36:09 Murder Holes
36:26 Masonry
36:04 Pikeman
36:52 Squires
36:37 Horse Collar
36:59 Bodkin Arrow
36:28 Light Cavalry
38:24 Bow Saw
38:54 Wheelbarrow
39:20 Halberdier
39:43 Onager
40:07 Capped Ram
41:10 Elite Skirmisher
42:45 Conscription
44:52 Chemistry
MasterEdzis
11:12 Feudal Age
11:36 Loom
15:01 Castle Age
15:06 Stone Mining
17:03 Double-Bit Axe
21:34 Horse Collar
22:21 Bow Saw
23:28 Wheelbarrow
23:38 Corvinian Army
24:14 Bloodlines
24:18 Husbandry
24:54 Heavy Plow
25:42 Hand Cart
28:01 Scale Barding Armor
34:59 Imperial Age
34:03 Gold Mining
34:40 Chain Barding Armor
36:22 Conscription
36:25 Recurve Bow
35:58 Elite Magyar Huszar
37:49 Two-Man Saw
37:23 Crop Rotation
37:31 Plate Barding Armor
Erickinio
10:51 Feudal Age
11:17 Man-at-Arms
11:44 Arson
12:51 Double-Bit Axe
13:52 Forging
18:02 Loom
20:07 Scale Mail Armor
25:17 Castle Age
25:06 Wheelbarrow
24:20 Horse Collar
24:52 Stone Mining
25:25 Gold Mining
25:38 Pikeman
30:39 Gambesons
31:50 Heavy Plow
33:40 Gold Shaft Mining
34:21 Iron Casting
36:30 Chain Mail Armor
36:53 Hand Cart
36:43 Murder Holes
36:59 Masonry
37:06 Bow Saw
37:06 Fletching
37:16 Padded Archer Armor
37:21 Caravan
38:59 Bodkin Arrow
39:20 Leather Archer Armor
39:42 Stone Shaft Mining
39:20 Fortified Wall
39:34 Ballistics
41:52 Imperial Age
39:32 Long Swordsman
40:10 Stronghold
41:56 Onager
42:22 Halberdier
44:15 Blast Furnace
43:50 Plate Mail Armor
44:23 Conscription
44:49 Ring Archer Armor
46:21 Chemistry
rockstar_vb
12:32 Feudal Age
16:33 Castle Age
15:03 Double-Bit Axe
15:52 Horse Collar
18:09 Bow Saw
18:02 Heavy Plow
21:20 Wheelbarrow
24:57 Hand Cart
25:12 Man-at-Arms
25:53 Squires
27:50 Long Swordsman
31:04 Imperial Age
29:38 Forging
29:28 Scale Mail Armor
29:38 Gold Mining
30:06 Eagle Warrior
31:23 Ballistics
31:41 Iron Casting
31:22 Chain Mail Armor
31:00 Fletching
31:11 Padded Archer Armor
31:25 Crossbowman
31:48 Two-Handed Swordsman
32:32 Arbalester
35:07 Blast Furnace
34:03 Bodkin Arrow
34:27 Leather Archer Armor
35:21 Conscription
36:57 Caravan
37:02 Elite Eagle Warrior
38:16 Plate Mail Armor
38:18 Ring Archer Armor
40:05 Holcans
43:41 Thumb Ring
Connection lost

Rejoining the realm…

Still unreachable

The connection could not be restored.

Session expired

The server has moved on; the page needs a fresh start.